 Dungeon Crawl Stone Soup version 0.29-a0-330-g52719c12eb (webtiles) character file.

Game seed: 7520965874620812595

100217 kae the Scorcher (level 16, 0/110 HPs)
             Began as a Tengu Fire Elementalist on Apr 15, 2022.
             Was a High Priest of Ashenzari.
             Slain by a sixfirhy (11 damage)
             ... summoned by an orc high priest
             ... on level 2 of the Orcish Mines.
             The game lasted 00:44:59 (31990 turns).

kae the Scorcher (Tengu Fire Elementalist)         Turns: 31990, Time: 00:45:00

Health: 0/110      AC: 26    Str: 11    XL:     16   Next: 27%
Magic:  44/45      EV: 21    Int: 22    God:    Ashenzari [*****.]
Gold:   1703       SH:  9    Dex: 18    Spells: 24/46 levels left

rFire   + . .      SeeInvis +   R - staff of fire (curse) {Cun, Self}
rCold   + + +      Faith    .   n - +2 buckler of the Perceptive Vision {Comp, Self} (curse)
rNeg    . . .      Spirit   .   T - +8 ice dragon scales of the Chained Blue Moon {rF- rC++ Dex+4, Fort, Elem} (curse)
rPois   +          Reflect  .   (helmet restricted)
rElec   .          Harm     .   d - +2 cloak "Lashed With Me" {rPois, Self, Melee} (curse)
rCorr   .          Rampage  .   g - +0 pair of gloves "Lashed Absolutism" {Self, Melee} (curse)
Will    ++...      Clarity  +   (boots unavailable)
Stlth   +.........              s - amulet of Cremastomancy {rPois rF+ rC+ Will+ Regen+, Elem, Comp} (curse)
HPRegen 1.08/turn               h - ring "Burden of Ashenzari" {EV+4, Bglg, Range} (curse)
MPRegen 0.29/turn               A - ring of magical power

@: flying quickly and evasively, quick
A: beak, talons 3, nimble flight
a: Renounce Religion, Shatter the Chains


You were on level 2 of the Orcish Mines.
You worshipped Ashenzari.
Ashenzari was extremely pleased with you.
You visited 4 branches of the dungeon, and saw 24 of its levels.
You visited the Abyss 1 time.
You also visited: Bailey, Ice Cave and Volcano.

You collected 1703 gold pieces.

Inventory:

Hand Weapons
 e - a +1 hand axe
 v - the +10 trident "Cogy Pan" {drain, Will+}
   (You found it on level 14 of the Dungeon)

   A truly terrible weapon, it drains the life of any living foe it strikes.
   Will:      It increases your willpower.
Missiles
 r - 3 throwing nets
Armour
 d - the cursed +2 cloak "Lashed With Me" (worn) {rPois, Self, Melee}
   (You found it on level 1 of the Dungeon)

   It has a curse which improves the following skills: Introspection: Fighting
   and Spellcasting.
   Melee Combat: Short Blades, Long Blades, Axes, Maces & Flails, Polearms,
   Staves and Unarmed Combat.
 g - the cursed +0 pair of gloves "Lashed Absolutism" (worn) {Self, Melee}
   (You found it on level 1 of the Dungeon)

   It has a curse which improves the following skills: Introspection: Fighting
   and Spellcasting.
   Melee Combat: Short Blades, Long Blades, Axes, Maces & Flails, Polearms,
   Staves and Unarmed Combat.
 n - the cursed +2 buckler of the Perceptive Vision (worn) {Comp, Self}
   (You found it on level 3 of the Lair of Beasts)

   It has a curse which improves the following skills: Companions: Summonings
   and Necromancy.
   Introspection: Fighting and Spellcasting.
 E - +0 acid dragon scales
 N - a +2 pair of gloves
 T - the cursed +8 ice dragon scales of the Chained Blue Moon (worn) {rF- rC++ Dex+4, Fort, Elem}
   (You found it in an ice cave)

   Dex:       It affects your dexterity (+4).
   rF:        It makes you vulnerable to fire.
   rC:        It greatly protects you from cold.
   It has a curse which improves the following skills: Fortitude: Armour and
   Shields.
   Elements:  Fire Magic, Ice Magic, Air Magic and Earth Magic.
Magical Staves
 C - a staff of conjuration
 R - a cursed staff of fire (weapon) {Cun, Self}
Jewellery
 h - the cursed ring "Burden of Ashenzari" (left hand) {EV+4, Bglg, Range}
   (You found it on level 1 of the Dungeon)

   [ring of evasion]

   EV:        It affects your evasion (+4).
   It has a curse which improves the following skills: Beguiling: Conjurations,
   Hexes and Translocations.
   Ranged Combat: Slings, Bows, Crossbows and Throwing.
 k - a ring of poison resistance
 m - the ring of Poniciff {Drain rC+ Int+7}
   (You found it in an ice cave)

   [ring of protection from cold]

   Int:       It affects your intelligence (+7).
   rC:        It protects you from cold.
   Drain:     It drains your maximum health when unequipped.
 o - a ring of protection from cold
 s - the cursed amulet of Cremastomancy (around neck) {rPois rF+ rC+ Will+ Regen+, Elem, Comp}
   (You acquired it on level 4 of the Dungeon)

   [amulet of regeneration]

   rF:        It protects you from fire.
   rC:        It protects you from cold.
   rPois:     It protects you from poison.
   Regen:     It increases your rate of health regeneration.
   Will:      It increases your willpower.
   It has a curse which improves the following skills: Elements: Fire Magic, Ice
   Magic, Air Magic and Earth Magic.
   Companions: Summonings and Necromancy.
 A - a ring of magical power (right hand)
 J - a ring of ice
 M - a ring of wizardry
 S - the ring "Bojeaphe" {Ice Dex+3}
   (You found it in an ice cave)

   [ring of ice]

   It enhances your ice magic.
   Dex:       It affects your dexterity (+3).
   rF:        It makes you vulnerable to fire.
   rC:        It protects you from cold.
 Z - a +6 ring of strength
Wands
 f - a wand of mindburst (5)
 q - a wand of iceblast (42)
 y - a wand of acid (31)
 G - a wand of digging (6)
 O - a wand of paralysis (7)
 U - a wand of polymorph (7)
Scrolls
 i - a scroll of brand weapon
 l - 5 scrolls of amnesia
 t - 3 scrolls of immolation
 u - 14 scrolls of teleportation
 x - 5 scrolls of enchant weapon
 F - 3 scrolls of magic mapping
 H - a scroll of enchant armour
 L - 3 scrolls of fog
 P - 3 scrolls of fear
 V - a scroll of holy word
 Y - 2 scrolls of summoning
Potions
 a - 7 potions of might
 b - 2 potions of magic
 c - 9 potions of curing
 p - 3 potions of ambrosia
 w - 5 potions of mutation
 B - a potion of invisibility
 I - 4 potions of haste
 K - 2 potions of brilliance
 Q - 2 potions of cancellation
 X - 2 potions of heal wounds
Miscellaneous
 D - a piece from Xom's chessboard (15/15)
 W - a tin of tremorstones (2/2)


   Skills:
 + Level 10.6(16.1) Fighting
 + Level 6.7(10.2) Staves
 + Level 8.8(11.1) Armour
 + Level 11.8(14.0) Dodging
 - Level 2.0(3.7) Stealth
 + Level 6.2(8.5) Shields
 + Level 10.1(15.5) Spellcasting
 + Level 13.8(16.0) Conjurations
 * Level 16.4(19.7) Fire Magic
 + Level 6.3 Evocations


You had 24 spell levels left.
You knew the following spells:

 Your Spells              Type           Power      Damage    Failure   Level
a - Foxfire               Conj/Fire      100%       2x1d9     0%          1
b - Scorch                Fire           100%       2d10      0%          2
c - Conjure Flame         Conj/Fire      97%        6-21      1%          3
d - Inner Flame           Hex/Fire       75%        N/A       1%          3
e - Flame Wave            Conj/Fire      97%        2d16      1%          4
f - Sticky Flame          Conj/Fire      97%        2d11      1%          4
g - Poisonous Vapours     Pois/Air       36%        N/A       30%         2
h - Ignite Poison         Fire/Tmut/Pois 62%        N/A       4%          3

Your spell library contained the following spells:

 Spells                   Type           Power      Damage    Failure   Level
 Dazzling Flash           Conj/Hex       100%       N/A       2%          3
 Hailstorm                Conj/Ice       52%        3d12      8%          4
 Iskenderun's Mystic Bla  Conj/Tloc      52%        2d11      8%          4
 Animate Skeleton         Necr           38%        N/A       19%         1
 Summon Small Mammal      Summ           76%        N/A       19%         1
 Apportation              Tloc           36%        N/A       21%         1
 Sting                    Tmut/Pois      68%        1d6       22%         1
 Frozen Ramparts          Ice            38%        1d5       50%         3
 Portal Projectile        Hex/Tloc       36%        N/A       52%         3
 Iron Shot                Conj/Erth      26%        9d6       75%         6
 Summon Ice Beast         Ice/Summ       19%        N/A       88%         4
 Ice Form                 Ice/Tmut       18%        N/A       90%         4
 Olgreb's Toxic Radiance  Pois           17%        N/A       92%         4
 Alistair's Intoxication  Tmut/Pois      11%        N/A       99%         5
 Blade Hands              Tmut           8%         N/A       99%         5
 Borgnjor's Vile Clutch   Necr/Erth      9%         N/A       99%         5
 Excruciating Wounds      Necr           9%         N/A       99%         5
 Summon Mana Viper        Hex/Summ       18%        N/A       99%         5
 Eringya's Noxious Bog    Tmut/Pois      8%         N/A       100%        6
 Summon Cactus Giant      Summ           9%         N/A       100%        6
 Summon Hydra             Summ           9%         N/A       100%        7


Dungeon Overview and Level Annotations

Branches:
Dungeon (15/15)            Temple (1/1) D:5            Lair (6/6) D:10
  Swamp (0/4) Lair:4        Snake (0/4) Lair:2        Slime (0/5) Lair:5
    Orc (2/2) D:10            Elf (0/3) Orc:2        Vaults (0/5) D:14
 Depths (0/4) D:15         Bailey (visited)           IceCv (visited)
Volcano (visited)

Altars:
Ashenzari
Cheibriados
Dithmenos
Elyvilon
Fedhas
Gozag
Hepliaklqana
Kikubaaqudgha
Makhleb
Nemelex Xobeh
Okawaru
Qazlal
Ru
Sif Muna
Trog
Uskayaw
Vehumet
Wu Jian
Xom
Yredelemnul
Zin
The Shining One
Beogh

Shops:
D:13 **[!   Orc:1 *

Portals:
Abyss: D:5

Annotations:
D:5 2 transporters, sanka's ghost, novice GnMo
D:12 3 runed translucent doors, earlgrey's ghost, journeyman DrBr
Orc:2 Saint Roka


Innate Abilities, Weirdness & Mutations

You have a beak for a mouth.
You have claws for feet.
Your magical nature lets you fly swiftly and evasively.


Message History

The sixfirhy hits you but does no damage. x2
The warg attacks as you move away! You block the warg's attack.
The sixfirhy misses you. The sixfirhy hits you!
* * * LOW HITPOINT WARNING * * *
The sixfirhy shocks you!
* * * LOW HITPOINT WARNING * * *
The warg barely misses you. The sixfirhy attacks as you move away!
The sixfirhy hits you.
* * * LOW HITPOINT WARNING * * *
The sixfirhy shocks you!
* * * LOW HITPOINT WARNING * * *
The warg attacks as you move away! The warg completely misses you.
You hit the warg but do no damage. You burn the warg!!
Your kick misses the warg. You peck the warg, but do no damage.
The warg is almost dead.
You block the warg's attack.
You hit the warg but do no damage. You burn the warg!
You kill the warg!
The sixfirhy hits you but does no damage. x2
The sixfirhy hits you but does no damage. x2
Things that are here:
a +0 flail; a +0 chain mail; a +1 dagger of speed The sixfirhy hits you but does no damage.
Things that are here:
a +0 vorpal flail; a +0 ring mail; an orc corpse You block the sixfirhy's attack.
The sixfirhy barely misses you. You block the sixfirhy's attack.
The orc high priest says, "You will make a fine sacrifice."
The sixfirhy completely misses you. The sixfirhy hits you.
* * * LOW HITPOINT WARNING * * *
The sixfirhy shocks you!
* * * LOW HITPOINT WARNING * * *
The sixfirhy attacks as you move away! The sixfirhy completely misses you.
You block the sixfirhy's attack. The sixfirhy attacks as you move away!
The sixfirhy barely misses you. The sixfirhy misses you.
You block the sixfirhy's attack. The sixfirhy hits you!
* * * LOW HITPOINT WARNING * * *
The sixfirhy shocks you!
You die...

##4.....#, ,, , ,, , ,
##....8.# ,* , **,,*, * , ,,
#.#.....#,, ,, { ,,, * ,
........#.,,,,,, { ,, ,{{* ,,
#.....).#.. , * , , ,* ,
...{.)))#...........,,, , ,,,,
.#.o.){##........o..o.... * ,,
####.##{###################...,
.#######{.#....3@<.)..)....#.
#######..{##.#................
,, #
####..{..........#........,,,
##........................, ,
#.......#.................,,,
##.###.##.................
####..................... <
##.##.##.#.#.#....#... *
####################***


You could see a sixfirhy (summoned) and an orc (asleep).

Vanquished Creatures
  Rupert (D:13)
  Frances (D:14)
  An azure jelly (IceCv)
  A fire giant (D:15)
  An orc warlord (Bailey)
  Louise (D:15)
  2 quicksilver oozes (IceCv)
  A red draconian (Volcano)
  Snorg (D:11)
  An ettin (Orc:1)
  Josephine (D:10)
  A great orb of eyes (D:14)
  4 vault guards (D:14)
  Harold (D:9)
  6 boulder beetles
  6 hydras
  5 centaur warriors
  A death knight (D:15)
  7 two-headed ogres
  4 catoblepae (Lair:6)
  6 death yaks (Lair:6)
  A tengu warrior (D:14)
  Nergalle (D:11)
  A skeletal warrior (D:14)
  Pikel (D:3)
  An orc sorcerer (Orc:2)
  3 orc knights
  13 ugly things
  A deep elf pyromancer (D:13)
  6 cyclopes
  14 elephants
  4 manticores
  6 black mambas
  Maggie (D:7)
  A guardian serpent (shapeshifter) (D:13)
  3 ice statues (IceCv)
  15 cane toads
  A dire elephant skeleton (Abyss:3)
  2 gargoyles
  An efreet (D:14)
  2 unseen horrors
  An unseen horror (shapeshifter) (D:14)
  2 kobold demonologists (D:11)
  2 rime drakes
  2 ice devils (Lair:6)
  A komodo dragon (shapeshifter) (D:15)
  13 komodo dragons
  An ancient zyme (Abyss:2)
  An entropy weaver simulacrum (IceCv)
  6 trolls
  A meliai (D:14)
  A polar bear (Lair:4)
  19 blink frogs
  A blink frog (shapeshifter) (D:13)
  21 slime creatures
  Sigmund (D:3)
  A culicivora (shapeshifter) (D:14)
  7 water elementals
  A shadow (D:11)
  5 wyverns
  8 wraiths
  3 basilisks
  41 yaks
  A warg (Orc:2)
  4 swamp worms (Lair:4)
  A warg (shapeshifter) (D:14)
  3 vampire mosquitoes
  3 demonic crawler simulacra (IceCv)
  2 acid dragons
  19 water moccasins
  4 nagas (Lair:2)
  A black bear (D:6)
  23 orc warriors
  Pargi (D:3)
  A sky beast (D:6)
  2 ugly thing simulacra (IceCv)
  An ice beast (D:6)
  8 ogres
  21 wolves
  14 centaurs
  6 kobold brigands
  A necrophage (D:6)
  4 gnoll sergeants (D:10)
  4 scorpions
  3 glowing shapeshifter simulacra (IceCv)
  7 bullfrogs
  11 killer bees
  9 howler monkeys
  2 vampire bats (D:5)
  6 electric eels
  2 jellies
  10 hounds
  A gnoll shaman (D:3)
  24 orc priests
  5 iguanas
  Ijyb (D:3)
  14 orc wizards
  Robin (D:3)
  8 gnolls
  8 adders
  3 shadow imps
  3 white imps
  An ufetubus (D:5)
  A worm (D:2)
  4 dart slugs
  57 orcs
  2 ball pythons
  10 bats
  5 endoplasms
  3 giant cockroaches
  17 goblins
  8 hobgoblins
  8 jackals
  21 kobolds
  5 quokkas
  A frilled lizard (D:1)
  11 rats
  7 bushes
673 creatures vanquished.

Vanquished Creatures (collateral kills)
  16 foxfires
16 creatures vanquished.

Vanquished Creatures (others)
  A meliai simulacrum (D:14)
  2 centaurs
  A kobold (D:8)
  1437 foxfires
  31 fungi
  95 plants
1567 creatures vanquished.

Grand Total: 2256 creatures vanquished

Notes
Turn   | Place    | Note
-------+----------+-------------------------------------------
     0 | D:1      | kae the Tengu Fire Elementalist began the quest for the
                  | Orb.
     0 | D:1      | Reached XP level 1. HP: 10/10 MP: 4/4
   593 | D:1      | Reached XP level 2. HP: 16/16 MP: 4/6
   948 | D:1      | Found a faded altar of an unknown god.
  1265 | D:1      | Reached XP level 3. HP: 20/20 MP: 4/7
  1469 | D:2      | Reached skill level 1 in Fighting
  1879 | D:2      | Reached skill level 4 in Fire Magic
  1896 | D:2      | Reached XP level 4. HP: 25/25 MP: 0/8
  2261 | D:3      | Noticed Pargi
  2281 | D:3      | Noticed Ijyb
  2622 | D:2      | Learned a level 2 spell: Scorch
  2626 | D:2      | Learned a level 3 spell: Conjure Flame
  2640 | D:3      | Noticed Sigmund
  2895 | D:3      | Killed Sigmund
  2896 | D:3      | Reached skill level 5 in Fire Magic
  2896 | D:3      | Gained mutation: Your magical nature lets you fly swiftly
                  | and evasively. [Tengu growth]
  2896 | D:3      | Reached XP level 5. HP: 30/30 MP: 0/10
  2896 | D:3      | Reached XP level 6. HP: 35/35 MP: 0/11
  3214 | D:3      | Noticed Robin
  3223 | D:3      | Killed Robin
  3861 | D:3      | Learned a level 3 spell: Inner Flame
  3996 | D:3      | Killed Ijyb
  4641 | D:3      | Killed Pargi
  4642 | D:3      | Reached XP level 7. HP: 40/40 MP: 2/12
  5193 | D:4      | Noticed Pikel
  5562 | D:3      | Reached skill level 6 in Fire Magic
  5603 | D:3      | Killed Pikel
  5604 | D:3      | Reached skill level 5 in Conjurations
  5604 | D:3      | Reached XP level 8. HP: 42/46 MP: 1/14
  5803 | D:3      | Reached skill level 7 in Fire Magic
  6095 | D:4      | Reached skill level 5 in Dodging
  6569 | D:4      | Identified 2 scrolls of acquirement
  6569 | D:4      | Acquired the amulet "Loviklat" {rPois rF+ rC+ Will+ Regen+}
  6606 | D:5      | Entered Level 5 of the Dungeon
  6723 | D:5      | Found a staircase to the Ecumenical Temple.
  6764 | Temple   | Entered the Ecumenical Temple
  6929 | Temple   | Became a worshipper of Ashenzari the Shackled
  7092 | D:5      | Found a transporter.
  7092 | D:5      | Noticed a toenail golem
  7237 | D:5      | Reached XP level 9. HP: 52/52 MP: 12/16
  7242 | D:5      | Learned a level 4 spell: Flame Wave
  7315 | D:5      | Found a transporter.
  7342 | D:5      | Found a one-way gate to the infinite horrors of the Abyss.
  7342 | D:5      | Noticed sanka's ghost (novice GnMo)
  7438 | D:5      | Reached skill level 8 in Fire Magic
  8005 | D:6      | Acquired an Everburning Encyclopedia
  8012 | D:6      | Learned a level 4 spell: Sticky Flame
  8361 | D:6      | Reached * piety under Ashenzari
  8959 | D:6      | Noticed a two-headed ogre
  8972 | D:6      | Killed a two-headed ogre
  8973 | D:6      | Reached skill level 5 in Fighting
  8973 | D:6      | Reached skill level 5 in Spellcasting
  8973 | D:6      | Reached skill level 9 in Fire Magic
  9288 | D:7      | Noticed Maggie
  9340 | D:7      | Killed Maggie
  9341 | D:7      | Reached XP level 10. HP: 61/61 MP: 20/20
  9351 | D:7      | Found a flagged portal.
  9387 | Bailey   | Entered a bailey
  9395 | Bailey   | Noticed an orc warlord
  9646 | Bailey   | Found a runed translucent gate.
  9646 | Bailey   | Found a runed translucent gate.
  9646 | Bailey   | Found a runed translucent gate.
  9925 | Bailey   | Learned a level 2 spell: Poisonous Vapours
  9929 | Bailey   | Learned a level 3 spell: Ignite Poison
 10251 | Bailey   | Killed an orc warlord
 10252 | Bailey   | Reached skill level 10 in Fire Magic
 10358 | D:7      | Acquired a staff of conjuration
 11153 | D:8      | Noticed a boulder beetle
 11343 | D:8      | Killed a boulder beetle
 11617 | D:8      | Reached ** piety under Ashenzari
 11876 | D:9      | Reached skill level 11 in Fire Magic
 11876 | D:9      | Reached XP level 11. HP: 50/68 MP: 21/23
 12236 | D:9      | Reached skill level 1 in Armour
 12267 | D:9      | Noticed Harold
 12281 | D:9      | Killed Harold
 12382 | D:9      | Noticed a two-headed ogre
 12419 | D:9      | Killed a two-headed ogre
 12701 | D:9      | Found a glowing golden altar of the Shining One.
 12980 | D:10     | Entered Level 10 of the Dungeon
 13023 | D:10     | Noticed a two-headed ogre
 13041 | D:10     | Killed a two-headed ogre
 13147 | D:10     | Found a staircase to the Orcish Mines.
 13152 | D:10     | Reached skill level 12 in Fire Magic
 13276 | D:10     | Found a staircase to the Lair.
 13350 | D:10     | Noticed Josephine
 13393 | D:10     | Reached *** piety under Ashenzari
 13403 | D:10     | Noticed a cyclops
 13422 | D:10     | Reached skill level 10 in Conjurations
 13430 | D:10     | Killed a cyclops
 13644 | D:10     | Reached XP level 12. HP: 63/77 MP: 26/26
 13957 | D:10     | Killed Josephine
 14196 | Lair:1   | Entered Level 1 of the Lair of Beasts
 15466 | Lair:2   | Reached skill level 13 in Fire Magic
 16054 | Lair:2   | Found a staircase to the Snake Pit.
 16793 | Lair:3   | Reached skill level 5 in Armour
 17075 | Lair:3   | Reached **** piety under Ashenzari
 17187 | Lair:3   | Reached XP level 13. HP: 62/84 MP: 28/28
 17842 | Lair:4   | Reached skill level 1 in Staves
 17842 | Lair:4   | Reached skill level 1 in Evocations
 17967 | Lair:4   | Reached skill level 1 in Shields
 19155 | Lair:4   | Reached skill level 14 in Fire Magic
 19231 | Lair:4   | Found a staircase to the Swamp.
 19803 | Lair:5   | Reached skill level 10 in Dodging
 20419 | Lair:5   | Found a staircase to the Slime Pits.
 20911 | Lair:6   | Entered Level 6 of the Lair of Beasts
 21250 | Lair:6   | Reached XP level 14. HP: 83/91 MP: 18/30
 21250 | Lair:6   | Found a frozen archway.
 21293 | IceCv    | Entered an ice cave
 22141 | IceCv    | Identified the ring "Bojeaphe" {Ice Dex+3}
 22142 | IceCv    | Identified the +8 ice dragon scales of Happy Babbling {rF-
                  | rC++ Dex+4}
 22231 | IceCv    | Noticed a quicksilver ooze
 22252 | IceCv    | Killed a quicksilver ooze
 22769 | IceCv    | Noticed a quicksilver ooze
 22776 | IceCv    | Killed a quicksilver ooze
 22851 | IceCv    | Found a viscous altar of Jiyva.
 22851 | IceCv    | Noticed an azure jelly
 22863 | IceCv    | Killed an azure jelly
 22910 | IceCv    | Identified the ring of Poniciff {Drain rC+ Int+7}
 23329 | Lair:6   | Reached skill level 15 in Fire Magic
 24107 | Lair:6   | Reached skill level 5 in Staves
 24813 | D:11     | Noticed Snorg
 24817 | D:11     | Reached XP level 15. HP: 95/96 MP: 31/31
 24826 | D:11     | Killed Snorg
 24913 | D:11     | Noticed Nergalle
 24925 | D:11     | Killed Nergalle
 25679 | D:12     | Reached skill level 5 in Evocations
 25712 | D:12     | Found a runed translucent gate.
 25713 | D:12     | Found a runed translucent gate.
 25714 | D:12     | Found a runed translucent gate.
 25729 | D:12     | Noticed earlgrey's ghost (journeyman DrBr)
 25894 | D:12     | Reached skill level 5 in Shields
 26261 | D:13     | Found a snail-covered altar of Cheibriados.
 26270 | D:13     | Found Cheibriados's Comfort Zone.
 26288 | D:13     | Reached skill level 10 in Fighting
 26470 | D:13     | Found Eceoc's Distillery.
 26608 | D:13     | Noticed Rupert
 26618 | D:13     | Killed Rupert
 26899 | D:13     | Found Yrutac's Specific Store.
 26901 | D:13     | Found Poffon's General Store.
 27520 | D:14     | Paralysed by a great orb of eyes for 2 turns
 27562 | D:14     | Identified the Volume of Battle Magic
 27622 | D:14     | Identified the +10 trident "Cogy Pan" {drain, Will+}
 27632 | D:14     | Noticed Frances
 27641 | D:14     | Killed Frances
 27770 | D:14     | Found a gate to the Vaults.
 27782 | D:14     | Reached skill level 16 in Fire Magic
 28298 | D:14     | Found a blossoming altar of Fedhas.
 28412 | D:14     | Found a shimmering altar of Xom.
 28629 | D:14     | Identified Mara's Handbook of Companions
 28845 | D:15     | Entered Level 15 of the Dungeon
 28854 | D:15     | Reached XP level 16. HP: 103/104 MP: 34/34
 29122 | D:15     | Reached skill level 10 in Spellcasting
 29139 | D:15     | Noticed Louise
 29147 | D:15     | Cast into level 2 of the Abyss (Louise)
 29256 | Abyss:2  | Noticed a tentacled starspawn
 29306 | D:15     | Escaped the Abyss
 29374 | D:15     | Killed Louise
 30115 | D:15     | Found a staircase to the Depths.
 30891 | Orc:1    | Entered Level 1 of the Orcish Mines
 31158 | Orc:1    | Found a dark tunnel.
 31261 | Orc:1    | Found Teesaz's CLEARANCE SALE!.
 31317 | Volcano  | Entered a volcano
 31804 | Orc:2    | Entered Level 2 of the Orcish Mines
 31932 | Orc:2    | Reached ***** piety under Ashenzari
 31938 | Orc:2    | Noticed Saint Roka
 31990 | Orc:2    | Slain by a sixfirhy

Illustrated notes

Levels and vault maps discovered:
D:1:      minmay_arrival_four_circles, layout_loops_ring,
          ebering_ecumenical_altar_rust
D:2:      layout_rooms
D:3:      layout_loops_cross, serial_glass, glass_columns_b, glass_columns_b,
          glass_columns_a, glass_columns_b, glass_columns_c, glass_columns_b,
          glass_columns_a, glass_columns_a, due_unseen_surprise,
          minmay_strange_pillars, feat_on_display, feat_on_display,
          uniq_sigmund, uniq_pargi, uniq_ijyb, uniq_robin
D:4:      layout_rooms, serial_bayou_pond_d, kennysheep_generic_room_16,
          uniq_pikel
D:5:      layout_gridville, minmay_temple_entry_slanted,
          gammafunk_ghost_abyssal_escape, serial_bayou_pond_e, roderic_batcave,
          grunt_decor_arrowhead
D:6:      layout_basic
D:7:      layout_rooms, enter_bailey_2, uniq_maggie
D:8:      layout_basic, amcnicky_mini_rare_corridor_liquid,
          minmay_misc_feat_columns
D:9:      layout_roguey, marbit_many_paths, uniq_harold
D:10:     layout_loops_ring, david_lair_shrubbed,
          kennysheep_orc_monster_closet_entryway, chequers_mini_garden,
          uniq_josephine
D:11:     layout_gridville, uniq_nergalle, uniq_snorg
D:12:     layout_roguey, maelrawn_ghost_gauntlet_escape
D:13:     layout_basic, serial_shops, shop, minmay_shop_chei,
          nicolae_specific_store, uniq_rupert
D:14:     minmay_cut_squares, layout_basic, lightli_vaults_fourway_checkpoint,
          fedhas_altar_1, xom_confusion_cloud, uniq_frances
D:15:     grunt_enter_depths_giant_problem, layout_cave_pods,
          chequers_serial_rivers_marsh, uniq_louise
Temple:   kilobyte_greek_temple
Lair:1:   layout_chaotic_city
Lair:2:   wad_woods_04, layout_chaotic_city, minmay_snake_entry_guardpost_small,
          nicolae_lair_lindhole, serial_bayou_shore_b, grunt_megastairs_2
Lair:3:   layout_hall_layers, st_stairs_7, grunt_megastairs_3,
          serial_bayou_shore_a
Lair:4:   layout_roguey, palyth_hydra_swamp_entry, nicolae_quartered_pool_little
Lair:5:   layout_small_grid, minmay_slime_entry_pillars
Lair:6:   evilmike_catoblepas_cave, layout_loops_ring,
          portal_ice_cave_demonic_guard, grunt_forest_small_clearing_treed,
          grunt_megastairs_1
Orc:1:    layout_caves, enter_volcano_2, basic_altar, nicolae_shop_clearance
Orc:2:    st_orc_mages, layout_caves, serial_shops, shop, minmay_orc_temple_c,
          uniq_saint_roka

Skill      XL: |  1  2  3  4  5  6  7  8  9 10 11 12 13 14 15 16 |
---------------+-------------------------------------------------+-----
Fighting       | 1 2 3 4 5 6 7 8 9 10 | 10.6
Conjurations   | 2 3 4 5 6 7 8 10 11 12 13 | 13.8
Fire Magic     | 4 5 6 7 9 11 12 13 14 15 16 | 16.4
Dodging        | 3 4 5 6 7 8 9 10 11 | 11.8
Spellcasting   | 3 4 5 6 7 8 9 10 | 10.1
Armour         | 3 5 6 7 8 |  8.8
Staves         | 3 5 6 |  6.7
Evocations     | 3 4 5 6 |  6.3
Shields        | 3 4 5 6 |  6.2
Stealth        | |  2.0

Action                   |  1- 3 |  4- 6 |  7- 9 | 10-12 | 13-15 | 16-18 || total
-------------------------+-------+-------+-------+-------+-------+-------++-------
Melee: Hand axe          |    12 |       |       |       |       |       ||    12
       Kick              |     3 |       |    10 |    73 |   280 |    80 ||   446
       Peck              |     2 |     1 |     8 |    43 |   178 |    71 ||   303
       Dagger            |       |     4 |    41 |   192 |       |       ||   237
       Punch             |       |       |     2 |     4 |       |       ||     6
       Staff             |       |       |       |       |   561 |   190 ||   751
       Trident           |       |       |       |       |       |    12 ||    12
 Cast: Foxfire           |    68 |    93 |   150 |   208 |   303 |    14 ||   836
       Scorch            |       |    10 |    43 |   133 |   112 |     6 ||   304
       Conjure Flame     |       |     1 |     6 |     4 |    17 |     1 ||    29
       Inner Flame       |       |       |     2 |    13 |    10 |     1 ||    26
       Poisonous Vapours |       |       |       |    34 |       |       ||    34
       Ignite Poison     |       |       |       |     6 |       |       ||     6
       Flame Wave        |       |       |       |    14 |    25 |     7 ||    46
       Sticky Flame      |       |       |       |     2 |    87 |     6 ||    95
Invok: Curse Item        |       |       |     2 |     4 |     1 |     2 ||     9
       Shatter the Chain |       |       |       |     1 |     1 |       ||     2
Evoke: Piece from Xom's  |       |       |       |     3 |       |       ||     3
       Wand              |       |       |       |     1 |       |       ||     1
  Use: Scroll            |     3 |     1 |     8 |     3 |     5 |       ||    20
       Potion            |       |       |     2 |     3 |     3 |       ||     8
 Stab: Invisible         |       |       |     1 |       |       |       ||     1
       Sleeping          |       |       |       |       |     1 |       ||     1
       Distracted        |       |       |       |       |       |     2 ||     2
Armor: Robe              |     7 |    10 |    20 |    97 |    74 |       ||   208
       Ice dragon scales |       |       |       |       |   247 |    50 ||   297
Dodge: Dodged            |    28 |    34 |   108 |   583 |   781 |   121 ||  1655
Block: Buckler           |       |       |       |       |   285 |    70 ||   355

Table legend: (Time is in decaauts)
 A = Elapsed time spent in this place.
 B = Non-inter-level travel time spent in this place.
 C = Inter-level travel time spent in this place.
 D = Time resting spent in this place.
 E = Time spent auto-exploring this place.
 F = Levels seen in this place.
 G = Mean time per level.
                   A        B        C        D        E       F      G
               +--------+--------+--------+--------+--------+-----+--------+
         Total |  30400 |  28673 |   1727 |   6120 |  16301 |  29 | 1048.3 |
       Dungeon |  18352 |  17234 |   1118 |   3916 |  10128 |  15 | 1223.5 |
        Temple |    182 |    147 |     35 |      0 |    140 |   1 |  182.0 |
          Lair |   8124 |   7602 |    522 |    932 |   4856 |   6 | 1354.0 |
  Orcish Mines |    610 |    559 |     51 |      0 |    358 |   2 |  305.0 |
         Abyss |    148 |    148 |      0 |     63 |     32 |   2 |   74.0 |
        Bailey |    932 |    932 |      0 |    265 |    351 |   1 |  932.0 |
      Ice Cave |   1656 |   1656 |      0 |    718 |    395 |   1 | 1656.0 |
       Volcano |    392 |    392 |      0 |    225 |     38 |   1 |  392.0 |
               +--------+--------+--------+--------+--------+-----+--------+

Top non-repeatable levels by time:
     D:3: 3023 daAuts
  Lair:6: 1864 daAuts
   IceCv: 1656 daAuts
  Lair:4: 1622 daAuts
  Lair:5: 1542 daAuts
     D:1: 1470 daAuts
    D:10: 1436 daAuts
    D:14: 1361 daAuts
     D:2: 1309 daAuts
    D:13: 1306 daAuts
     D:6: 1270 daAuts
    D:15: 1206 daAuts
  Lair:2: 1200 daAuts
     D:5: 1181 daAuts
     D:9: 1104 daAuts
